 Dungeon Crawl Stone Soup version 0.21.0-3-g78d12a8 (webtiles) character file.

62 Charly the Vexing (level 4, -1/23 HPs)
             Began as a Vine Stalker Arcane Marksman on Jan 8, 2018.
             Succumbed to an adder's poison
             ... on level 4 of the Dungeon.
             The game lasted 00:09:51 (799 turns).

Charly the Vexing (Vine Stalker Arcane Marksman)     Turns: 799, Time: 00:09:51

Health: -1/23      AC:  2    Str: 13    XL:     4   Next: 8%
Magic:  0/6        EV: 17    Int: 13    God:
Gold:   66         SH:  0    Dex: 20    Spells: 0/5 levels left

rFire    . . .     SeeInvis .     - Unarmed
rCold    . . .     Gourm    .   (no shield)
rNeg     . . .     Faith    .   a - +0 robe
rPois    .         Spirit   +   (no helmet)
rElec    .         Reflect  .   (no cloak)
rCorr    .         Harm     .   (no gloves)
MR       .....                  (no boots)
Stlth    +++.......             k - amulet of guardian spirit
HPRegen  0.47/turn              g - ring of wizardry
MPRegen  0.10/turn              (no ring)

@: agile, lethally poisoned (-1 -> -11)
A: fangs 2, regeneration 1, magic shield, antimagic bite, no potion heal 3, rot
immunity
a: no special abilities


You were on level 4 of the Dungeon.
You were not hungry.

You visited 1 branch of the dungeon, and saw 4 of its levels.

You collected 66 gold pieces.

Inventory:

Missiles
 c - a javelin (quivered)
Armour
 a - a +0 robe (worn)
Jewellery
 g - a ring of wizardry (left hand)
 k - an amulet of guardian spirit (around neck)
Scrolls
 e - a scroll of remove curse
 h - a scroll of fog
 l - a scroll of enchant weapon
Books
 b - a book of Debilitation

   Spells                             Type                      Level
   a - Corona                         Hexes                        1
   b - Slow                           Hexes                        2
   c - Inner Flame                    Hexes/Fire                   3
   d - Portal Projectile              Hexes/Translocation          3
   e - Cause Fear                     Hexes                        4
   f - Leda's Liquefaction            Hexes/Earth                  4
Comestibles
 f - a ration


   Skills:
 + Level 2.0 Fighting
 - Level 1.7 Throwing
 - Level 1.5 Dodging
 * Level 2.9 Unarmed Combat
 - Level 1.1 Spellcasting
 - Level 3.0 Hexes


You couldn't memorise any spells.
You knew the following spells:

 Your Spells              Type           Power        Failure   Level  Hunger
a - Animate Skeleton      Necr           N/A          12%         1    ##.....
b - Slow                  Hex            #.......     4%          2    ###....
c - Corona                Hex            #......      3%          1    ##.....
d - Apportation           Tloc           #.....       12%         1    ##.....


Dungeon Overview and Level Annotations

Branches:
Dungeon (4/15)
 Temple: D:4-7

Altars:
Elyvilon

Annotations:
D:2 Sigmund
D:3 Terence


Innate Abilities, Weirdness & Mutations

You have extremely sharp teeth.
Your natural rate of healing is unusually fast.
When hurt, damage is shared between your health and your magic reserves.
Your bite disrupts and absorbs the magic of your enemies.
Potions cannot restore your health.
You are immune to rotting.


Message History

The adder poisons you! The orc misses you.
You hit the adder.
The adder is severely wounded.
* * * LOW HITPOINT WARNING * * *
You feel sick. The adder bites you.
* * * LOW HITPOINT WARNING * * *
You are more poisoned.
The adder poisons you!
The orc zaps a wand.
You resist with some effort.
Unknown command.
It was a potion of agility.
You feel agile all of a sudden.
* * * LOW HITPOINT WARNING * * *
You feel sick. The adder barely misses you. The orc misses you.
You barely miss the adder. Your bite misses the adder.
The adder is severely wounded.
* * * LOW HITPOINT WARNING * * *
You feel sick. The adder bites you.
You closely miss the adder.
The adder is severely wounded.
You die...

#........##.....
##...#
#.............##
#...#
#####..(#...###
...#
#....#(#.#.## .#
...###..†....#
##(......[...#
#..........o##
#.........#So#
#........(##@#
#.........####
#.........#
###########


You could see an adder and 2 orcs.

Vanquished Creatures
  An adder (D:2)
  An ooze (D:2)
  A worm (D:2)
  A dart slug (D:2)
  2 leopard geckos
  An orc (D:4)
  3 giant cockroaches
  2 hobgoblins (D:1)
  A jackal (D:1)
  6 kobolds
  2 quokkas (D:4)
  5 bats
  7 frilled lizards
  4 goblins
  6 rats (D:1)
43 creatures vanquished.

Notes
Turn   | Place    | Note
-------+----------+-------------------------------------------
     0 | D:1      | Charly the Vine Stalker Arcane Marksman began the quest for the Orb.
     0 | D:1      | Reached XP level 1. HP: 9/9 MP: 3/3
    18 | D:1      | Reached skill level 1 in Fighting
    64 | D:1      | Reached skill level 1 in Unarmed Combat
    78 | D:2      | Noticed a howler monkey
    91 | D:1      | Reached XP level 2. HP: 14/14 MP: 4/4
   180 | D:1      | Learned a level 2 spell: Slow
   335 | D:2      | Reached XP level 3. HP: 11/18 MP: 5/5
   381 | D:2      | Found a white marble altar of Elyvilon.
   430 | D:2      | Noticed Sigmund
   598 | D:3      | Noticed Terence
   717 | D:3      | Gained mutation: Your natural rate of healing is unusually fast. [Vine Stalker growth]
   717 | D:3      | Reached XP level 4. HP: 12/23 MP: 6/6
   722 | D:3      | Learned a level 1 spell: Animate Skeleton
   724 | D:3      | Learned a level 1 spell: Apportation
   797 | D:4      | HP: 1/23 [poisoned by an adder]
   799 | D:4      | Succumbed to an adder's poison

Skill      XL: |  1  2  3  4 |
---------------+-------------+-----
Fighting       | 1 2 |  2.0
Unarmed Combat | 1 2 |  2.9
Throwing       | |  1.7
Dodging        | |  1.5
Spellcasting   | |  1.1
Hexes          | |  3.0

Action                   |  1- 3 |  4- 6 || total
-------------------------+-------+-------++-------
Melee: Unarmed           |    81 |    21 ||   102
       Bite              |    23 |     6 ||    29
Throw: Javelin           |    37 |     1 ||    38
       Throwing net      |     3 |     2 ||     5
 Cast: Slow              |       |     1 ||     1
  Use: Scroll            |     3 |       ||     3
       Potion            |     1 |     1 ||     2
 Stab: Held in net/web   |     2 |       ||     2
  Eat: Ration            |     1 |       ||     1
Armor: Robe              |    23 |     3 ||    26
Dodge: Dodged            |    50 |    25 ||    75
